AoeStats
← Rene

Arabia

510543446Analyzed
1v1 RM · 1d ago on Oct 1, 2026· 28m 43s· 2 players
Game mode
Random Map
Map size
Tiny (2 player)
Population
200
Speed
Normal
Resources
Standard
Victory
Conquest
Starting age
Dark Age
Ending age
Imperial Age
RankedLock teamsTeams togetherTeam positionsShared explorationLock speedFull tech treeHidden civsTurbo modeCheats
Victory
Defeat
🇳🇱 Ethiopians · Netherlands
1185
+17
🇦🇷 Malians · Argentina
1198
-17
Rene
8:30 Feudal Age
7:09 Loom
12:53 Fletching
14:59 Padded Archer Armor
23:02 Castle Age
22:21 Double-Bit Axe
23:03 Crossbowman
23:42 Bodkin Arrow
26:11 Ballistics
27:17 Horse Collar
28:13 Leather Archer Armor
Sabandija
5:37 Loom
8:30 Feudal Age
11:09 Double-Bit Axe
17:21 Fletching
Connection lost

Rejoining the realm…

Still unreachable

The connection could not be restored.

Session expired

The server has moved on; the page needs a fresh start.